 Dungeon Crawl Stone Soup version 0.30.1-11-g7821555f0a (webtiles) character file.

Game seed: 5592399406717590687

8 Pentewere the Sneak (level 2, -2/22 HPs)
             Began as a Mummy Brigand on Dec 7, 2023.
             Slain by a kobold
             ... wielding a +0 whip
              (4 damage)
             ... on level 1 of the Dungeon.
             The game lasted 00:00:36 (134 turns).

Pentewere the Sneak (Mummy Brigand)                  Turns: 134, Time: 00:00:37

Health: -2/22      AC:  3    Str: 14    XL:     2   Next: 0%
Magic:  2/2        EV: 11    Int: 10    God:
Gold:   0          SH:  0    Dex: 13    Spells: 2/2 levels left

rFire   x . .        a - +2 dagger
rCold   + . .        (no shield)
rNeg    + + +        b - +0 robe
rPois   ∞            (no helmet)
rElec   .            c - +0 cloak
rCorr   .            (no gloves)
SInv    .            (no boots)
Will    .....        (no amulet)
Stlth   ++           (no ring)
HPRegen 0.23/turn    (no ring)
MPRegen 0.08/turn

%: faith
@: no status effects
A: cold resistance 1, negative energy resistance 3, torment resistance 2, heat
vulnerability 1, no potions, faith
a: no special abilities


You were on level 1 of the Dungeon.
You visited 1 branch of the dungeon, and saw 1 of its levels.

Inventory:

Hand Weapons
 a - a +2 dagger (weapon)
Missiles
 d - 9 poisoned darts (quivered)
 e - 3 curare-tipped darts
Armour
 b - a +0 robe (worn)
 c - a +0 cloak (worn)
Scrolls
 g - a scroll of poison {unknown}


   Skills:
 * Level 2.0 Fighting
 * Level 1.6 Short Blades
 * Level 1.5 Throwing
 * Level 0.4 Armour
 * Level 0.8 Dodging
 * Level 3.4 Stealth
 * Level 0.5 Spellcasting


You had 2 spell levels left.
You didn't know any spells.
Your spell library was empty.

Dungeon Overview and Level Annotations

Branches:
Dungeon (1/15)

Altars:


Innate Abilities, Weirdness & Mutations

You are immune to poison.
Your flesh is cold resistant. (rC+)
You are immune to negative energy. (rN+++)
You are immune to unholy pain and torment.
You are vulnerable to heat. (rF-)
You do not drink.
You have a special connection with the divine. (Faith)


Message History

The ball python bites you. The ball python barely misses you.
The ball python attacks as you move away!
The ball python bites you.
The kobold throws a stone.
The stone closely misses you.
An endoplasm comes into view.
The ball python bites you but does no damage.
The ball python barely misses you. The kobold barely misses you.
The ball python bites you but does no damage.
The ball python barely misses you. The kobold misses you.
The kobold attacks as you move away! The kobold barely misses you.
The ball python attacks as you move away!
The ball python bites you but does no damage.
The ball python barely misses you. x2
You hit the ball python.
You kill the ball python!
The kobold closely misses you.
The endoplasm jiggles.
The kobold hits you with a +0 whip.
The endoplasm hits you but does no damage.
You see here a ball python corpse.
The kobold hits you with a +0 whip.
The kobold throws a stone.
The stone hits you.
You hit the endoplasm but do no damage. The endoplasm freezes you.
You are frozen.
You resist.
You hit the endoplasm but do no damage. The endoplasm hits you.
You hit the endoplasm.
The endoplasm is lightly wounded.
The endoplasm closely misses you. The kobold closely misses you.
You hit the endoplasm.
You kill the endoplasm!
The kobold hits you with a +0 whip.
* * * LOW HITPOINT WARNING * * *
The giant cockroach bites you.
* * * LOW HITPOINT WARNING * * *
You have reached level 2!
The kobold attacks as you move away! The kobold hits you with a +0 whip.
You die...

## .#
.######.#
........##
.........
.........
#......##
#.......#
#@......#
#BK.....#
#.......#
#.......#
###.......#
#.#..†#####.#
.#........# #
....$......#
...?.......#


You could see a giant cockroach and a kobold.

Vanquished Creatures
  2 endoplasms (D:1)
  A quokka (D:1)
  4 ball pythons (D:1)
  A frilled lizard (D:1)
8 creatures vanquished.

Notes
Turn   | Place    | Note
-------+----------+-------------------------------------------
     0 | D:1      | Pentewere the Mummy Brigand began the quest for the Orb.
     0 | D:1      | Reached XP level 1. HP: 16/16 MP: 1/1
   131 | D:1      | Reached XP level 2. HP: 2/22 MP: 2/2
   134 | D:1      | Slain by a kobold

Illustrated notes

Levels and vault maps discovered:
D:1:      co_arrival_random_square_maze, layout_basic,
          chequers_serial_rivers_small_b, minmay_pentomino_o2

Action                     || total
---------------------------++-------
  Melee: Dagger            ||    23
  Throw: Dart              ||     1
    Use: Scroll            ||     1
   Stab: Sleeping          ||     1
 Armour: Robe              ||     8
  Dodge: Dodged            ||    21
